 Dungeon Crawl Stone Soup version 0.22-a0-419-g492bfec (webtiles) character file.

100928 Mgcat the Warrior (level 16, -2/154 HPs)
             Began as a Ghoul Fighter on May 14, 2018.
             Was a Priest of Ru.
             Killed from afar by an ice dragon (12 damage)
             ... with a blast of cold
             ... on level 2 of the Swamp on May 15, 2018.
             The game lasted 01:05:51 (25466 turns).

Mgcat the Warrior (Ghoul Fighter)                  Turns: 25466, Time: 01:05:52

Health: -2/154     AC: 26    Str: 24    XL:     16   Next: 29%
Magic:  15/15      EV:  5    Int:  6    God:    Ru [***...]
Gold:   3194       SH: 21    Dex: 13    Spells: 15/15 levels left

rFire    + + .     SeeInvis .     - Unarmed
rCold    + . .     Gourm    .   H - +2 shield {AC+3}
rNeg     + + +     Faith    .   o - +2 plate armour {rF+}
rPois    ∞         Spirit   .   (no helmet)
rElec    .         Reflect  +   (no cloak)
rCorr    .         Harm     .   R - +1 pair of gloves
MR       +....                  E - +2 pair of boots
Stlth    ..........             v - +6 amulet of reflection
HPRegen  0.00/turn              L - ring of Pifaf {rF+ rN+ Slay+2}
MPRegen  0.14/turn              T - +5 ring of dexterity

@: exhausted, grasped by roots, very slightly contaminated, rotting, hasted,
drained, quick
A: rotting body, claws 1, carnivore, cold resistance 1, negative energy
resistance 3, screaming 1, inhibited regeneration, torment resistance,
unbreathing, inability to use devices, hated by all
a: Draw Out Power, Renounce Religion


You were on level 2 of the Swamp.
You worshipped Ru.
Ru was most pleased with you.
You were not hungry.

You visited 4 branches of the dungeon, and saw 25 of its levels.
You also visited: Ossuary.

You collected 3194 gold pieces.

Inventory:

Hand Weapons
 a - the +3 fustibalus of the Immovable Lives {freeze, rPois Dex+3}
   (You found it on level 5 of the Dungeon)

   It causes projectiles fired from it to freeze those they strike, causing
   extra injury to most foes and up to half again as much damage against
   particularly susceptible opponents.
   They can also slow down cold-blooded creatures.
   It affects your dexterity (+3).
   It protects you from poison.
Missiles
 A - 206 sling bullets
 D - 748 stones (quivered)
 F - 2 throwing nets {=f, !d}
 I - 15 curare-tipped needles
 P - 2 tomahawks of dispersal {=f}
Armour
 o - a +2 plate armour of fire resistance (worn)
   (You found it on level 5 of the Lair of Beasts)
 E - a +2 pair of boots (worn)
   (You found it on level 7 of the Dungeon)
 H - a +2 shield of protection (worn)
   (You found it on level 5 of the Dungeon)
 R - a +1 pair of gloves (worn)
   (You found it on level 4 of the Lair of Beasts)
Magical Staves
 x - an uncursed staff of air {rElec}
   (You found it on level 6 of the Dungeon)
 K - an uncursed staff of cold {rC+}
   (You found it on level 1 of the Orcish Mines)
 N - an uncursed staff of conjuration {!a}
   (You found it on level 2 of the Lair of Beasts)
Jewellery
 h - an uncursed ring of wizardry {Wiz+, !d}
   (You found it on level 9 of the Dungeon)
 n - an uncursed ring of resist corrosion
   (You found it on level 7 of the Dungeon)
 v - a +6 amulet of reflection (around neck)
   (You found it on level 3 of the Dungeon)
 L - the ring of Pifaf (left hand) {rF+ rN+ Slay+2}
   (You found it on level 1 of the Lair of Beasts)

   [ring of positive energy]

   It affects your accuracy and damage with ranged weapons and melee attacks
   (+2).
   It protects you from fire.
   It protects you from negative energy.
 O - an uncursed ring of protection from cold {rC+, !d}
   (You found it on level 2 of the Lair of Beasts)
 T - a +5 ring of dexterity (right hand)
   (You found it on level 13 of the Dungeon)
Scrolls
 f - 6 scrolls of amnesia
 g - 12 scrolls of identify
 l - 11 scrolls of remove curse
 r - 7 scrolls of fear
 u - 4 scrolls of fog
 y - 3 scrolls of blinking {!r}
 z - 17 scrolls of teleportation
 B - 3 scrolls of magic mapping {!r}
 Q - 2 scrolls of enchant armour
Potions
 b - 6 potions of agility
 c - 2 potions of brilliance {unknown}
 e - 3 potions of ambrosia
 i - 2 potions of magic {unknown}
 j - 11 potions of curing
 k - 2 potions of haste
 m - 2 potions of flight {unknown}
 p - 2 potions of berserk rage {unknown}
 q - 3 potions of resistance
 s - 4 potions of degeneration {unknown}
 t - a potion of mutation {unknown}
 w - 3 potions of cancellation
 C - a potion of might
 J - 5 potions of heal wounds {unknown}
 S - 2 potions of invisibility {unknown}
Comestibles
 d - 50 rations
 M - 6 chunks of flesh {@w0}


   Skills:
 + Level 16.8(16.4) Fighting
 + Level 12.0(11.6) Armour
 + Level 12.0(11.6) Shields
 + Level 16.6(16.2) Unarmed Combat


You had 15 spell levels left.
You didn't know any spells.
Your spell library contained the following spells:

 Spells                   Type           Power        Failure   Level  Hunger
 Fireball                 Conj/Fire      #.........   100%        5    ######.
 Bolt of Fire             Conj/Fire      #.........   100%        6    #######
 Bolt of Cold             Conj/Ice       #.........   100%        6    #######
 Freezing Cloud           Conj/Ice/Air   #.........   100%        6    #######
 Ring of Flames           Chrm/Fire      #.........   100%        7    #######
 Summon Small Mammal      Summ           #...         100%        1    ##.....
 Ozocubu's Refrigeration  Ice            #.........   100%        6    #######
 Summon Ice Beast         Ice/Summ       #.......     100%        4    #####..
 Call Imp                 Summ           #.......     100%        2    ###....
 Ice Form                 Ice/Tmut       #.......     100%        4    #####..
 Ignite Poison            Fire/Tmut/Pois #.......     100%        3    ####...
 Call Canine Familiar     Summ           #.......     100%        3    ####...
 Metabolic Englaciation   Hex/Ice        #.........   100%        5    ######.
 Summon Butterflies       Summ           #.......     100%        1    ##.....
 Simulacrum               Ice/Necr       #.........   100%        6    #######
 Summon Hydra             Summ           #.........   100%        7    #######
 Summon Lightning Spire   Summ/Air       #.......     100%        4    #####..
 Summon Guardian Golem    Hex/Summ       #.......     100%        3    ####...
 Summon Mana Viper        Hex/Summ       #.......     100%        5    ######.
 Ignition                 Fire           #.........   100%        8    #######


Dungeon Overview and Level Annotations

Branches:
Dungeon (15/15)            Temple (0/1) D:6            Lair (6/6) D:8
  Swamp (2/4) Lair:4        Snake (0/4) Lair:2        Slime (0/5) Lair:5
    Orc (2/2) D:11            Elf (0/3) Orc:2        Vaults (0/5) D:13
 Depths (0/5) D:15

Altars:
Cheibriados
Dithmenos
Fedhas
Gozag
Hepliaklqana
Makhleb
Okawaru
Qazlal
Ru
Trog
Wu Jian
Yredelemnul
Zin
Beogh
Jiyva

Shops:
D:13 %   Orc:2 (%%:

Portals:
Trove: D:12 (give 20 scrolls of identify)
Ice
Cave: Swamp:2

Annotations:
Swamp:2 Aizul


Innate Abilities, Weirdness & Mutations

Your body is rotting away.
You thrive on raw meat.
You are immune to poison.
You have sharp fingernails.
You are carnivorous and can eat meat at any time.
Your flesh is cold resistant. (rC+)
You are immune to negative energy. (rN+++)
You occasionally shout uncontrollably at your foes.
You do not regenerate when monsters are visible.
You are immune to unholy pain and torment.
You can survive without breathing.
You cannot study or use magical devices.
You are hated by all.


Message History

The eight-headed hydra bites you but does no damage. x3
You block the eight-headed hydra's attack. x2
You pummel the eight-headed hydra!!
The eight-headed hydra is heavily wounded.
You block the vampire mosquito's attack.
The shambling mangrove is stunned by your will and fails to attack.
You block the eight-headed hydra's attack.
The eight-headed hydra bites you but does no damage. x2
The eight-headed hydra completely misses you.
You block the eight-headed hydra's attack.
The eight-headed hydra bites you but does no damage.
You block the eight-headed hydra's attack.
The eight-headed hydra bites you but does no damage.
You hit the eight-headed hydra.
The eight-headed hydra is heavily wounded.
You block the vampire mosquito's attack.
Your plate armour prevents you from hitting the eight-headed hydra.
The eight-headed hydra is heavily wounded.
The vampire mosquito bites you but does no damage.
The eight-headed hydra is stunned by your will and fails to attack.
The shambling mangrove hits you!
You redirect the vampire mosquito's attack!
The vampire mosquito bites the vampire mosquito but does no damage.
You block the eight-headed hydra's attack. x2
The eight-headed hydra bites you but does no damage.
You block the eight-headed hydra's attack. x3
The eight-headed hydra bites you but does no damage.
The eight-headed hydra barely misses you.
A five-headed hydra comes into view.
Your shield and plate armour prevent you from hitting the eight-headed hydra.
The eight-headed hydra is heavily wounded.
A root reaches out and grasps at passing movement.
The vampire mosquito barely misses you.
You block the shambling mangrove's attack.
You punch the eight-headed hydra!
The eight-headed hydra is severely wounded.
You block the vampire mosquito's attack.
You block the eight-headed hydra's attack.
The eight-headed hydra bites you but does no damage.
You block the eight-headed hydra's attack. x2
The eight-headed hydra bites you.
You block the eight-headed hydra's attack.
The eight-headed hydra bites you but does no damage. x2
The vampire mosquito bites you but does no damage.
You punch the eight-headed hydra!
The eight-headed hydra is severely wounded.
The vampire mosquito bites you!
You block the five-headed hydra's attack.
The five-headed hydra bites you but does no damage.
You block the five-headed hydra's attack.
The five-headed hydra bites you but does no damage.
You block the five-headed hydra's attack.
The shambling mangrove hits you!!
* * * LOW HITPOINT WARNING * * *
The eight-headed hydra bites you but does no damage.
The eight-headed hydra bites you.
* * * LOW HITPOINT WARNING * * *
The eight-headed hydra bites you but does no damage. x3
The eight-headed hydra bites you.
* * * LOW HITPOINT WARNING * * *
The eight-headed hydra completely misses you.
The eight-headed hydra bites you but does no damage.
Really read
y - 4 scrolls of blinking {!r}?
Blink to where?
Press: ? - help, Dir - move target cursor You can't see that place. [the floor.]
You cannot see that place.
Okay, then.
You pummel the vampire mosquito!!
The vampire mosquito is almost destroyed.
You block the vampire mosquito's attack.
You block the five-headed hydra's attack. x2
The five-headed hydra barely misses you.
The five-headed hydra bites you.
* * * LOW HITPOINT WARNING * * *
You block the five-headed hydra's attack.
The vampire mosquito bites you.
* * * LOW HITPOINT WARNING * * *
The eight-headed hydra completely misses you.
The eight-headed hydra bites you but does no damage.
The eight-headed hydra bites you!
* * * LOW HITPOINT WARNING * * *
The eight-headed hydra bites you but does no damage. x5
Unknown command.
Unknown command.
Really read
y - 4 scrolls of blinking {!r}?
Blink to where?
Press: ? - help, Dir - move target cursor You are very lightly contaminated with residual magic.
As you read the scroll of blinking {!r}, it crumbles to dust.
The ice dragon seems to regain its courage.
You feel yourself speed up.
You block the vampire mosquito's attack.
The vampire mosquito bites you but does no damage.
You block the vampire mosquito's attack.
The spriggan rider is stunned by your will and fails to attack.
The ice dragon breathes frost at you. The blast of cold hits you! You resist.
You die...

*,≈≈≈≈,≈*,≈≈≈,* *≈,,,≈≈,,,≈,,≈≈
,≈≈≈,,,≈,,≈≈≈,* ****≈≈≈,**,,≈≈≈
,,,,,,,,≈≈,,≈** *≈,≈,,,,,,,,
≈≈≈≈≈,≈≈,,**** *≈.,≈,,,,≈≈≈
≈≈≈≈≈,≈≈,,*#*##* *♣♣♣♣≈.,,,,,,≈≈≈
≈≈≈≈≈,≈,,,*#∩,.#**≈≈≈≈..,≈,≈,,≈≈≈
,,,,,≈,,,,*#..#.*♣....≈≈**≈,,,,≈≈
≈≈,,**,≈≈,*#.#..#....≈§.,≈***≈,≈≈
,,≈,≈≈,≈≈≈**#..#@.i...≈.,,* **≈≈≈
,≈≈,,,≈≈≈≈* *##y.D.≈..≈.*** **,≈
≈≈≈≈,≈≈≈≈,* ♣.yy.≈≈≈≈≈.** *****
,,≈,,,,≈,**♣♣♣f≈.≈≈≈≈(≈≈,** *,,*≈
≈,,,,,,,,*♣♣.DD.≈≈...≈≈≈≈,* *,,≈≈
≈,,,,,,,,,♣†v.≈≈.♣≈.≈≈≈≈≈,* ***,,
,,≈≈,,,....♣♣≈≈♣♣♣≈..≈≈≈≈,***≈,**
,,,,,,..≈≈≈......*♣♣...≈≈≈,,,,,≈*
,**<≈≈..≈≈≈≈≈≈≈≈.≈*≈≈≈.≈≈≈,,,,,,*


You could see a shambling mangrove, an ice dragon, an eight-headed hydra, a
five-headed hydra, a spriggan rider, 3 vampire mosquitoes and an insubstantial
wisp.

Vanquished Creatures
  An orc warlord (Orc:1)
  An emperor scorpion (D:15)
  2 entropy weavers (Lair:4)
  A dire elephant (D:15)
  A fire dragon (Lair:6)
  Harold (D:10)
  13 hydras
  A rakshasa (D:15)
  A catoblepas (Lair:6)
  Erica (D:10)
  A queen ant (Lair:4)
  5 two-headed ogres
  2 alligators (Swamp:1)
  5 death yaks
  A tengu warrior (D:13)
  Nergalle (D:10)
  Urug (Lair:5)
  5 orc high priests (Orc:2)
  An unseen horror (D:8)
  3 swamp dragons
  3 lindwurms (Lair:6)
  3 orc knights (Orc:2)
  11 ugly things
  3 manticores
  A faun (shapeshifter) (D:13)
  3 cyclopes
  A salamander (D:15)
  The ghost of tstbtto the Chopper, a novice GrFi of Ru (D:5)
  15 elephants
  4 black mambas (Lair:6)
  Psyche (D:8)
  A guardian serpent (shapeshifter) (D:13)
  A torpor snail (Lair:3)
  3 gargoyles
  4 rime drakes (Lair:6)
  12 spiny frogs
  6 komodo dragons
  A polar bear (Lair:2)
  4 tyrant leeches (Swamp:1)
  7 trolls
  The ghost of Kairos the Twirler, an amateur DsGl (D:4)
  3 bog bodies (Swamp:1)
  4 hornets
  15 blink frogs
  2 dream sheep (Lair:6)
  14 slime creatures
  A meliai zombie (D:14)
  6 hippogriffs
  2 shadows
  Sigmund (D:6)
  3 spriggans (Swamp:1)
  3 wraiths
  A vampire (D:11)
  39 yaks
  5 basilisks
  A spriggan (shapeshifter) (D:13)
  2 water elementals (D:15)
  3 wyverns
  2 steam dragons (Lair:6)
  A hungry ghost (D:12)
  18 vampire mosquitoes
  7 swamp worms
  2 wargs (Orc:2)
  A naga (Lair:2)
  17 soldier ants
  5 insubstantial wisps (Swamp:1)
  2 acid dragons (Lair:6)
  13 porcupines
  10 water moccasins
  2 swamp drakes
  3 ice beasts
  2 phantoms
  46 orc warriors
  A sky beast (D:12)
  2 necrophages
  10 centaurs
  13 ogres
  7 wolves
  14 crocodiles
  An elf zombie (Ossuary)
  4 big kobolds
  13 bullfrogs
  8 scorpions
  5 killer bees
  12 wights
  4 howler monkeys
  5 electric eels
  8 crimson imps
  2 quasits
  4 jellies
  2 bullfrog zombies
  5 centaur zombies
  33 orc priests
  4 hounds
  2 human zombies (Ossuary)
  3 bullfrog skeletons
  2 centaur skeletons
  22 orc wizards
  Jessica (D:2)
  9 iguanas
  24 worker ants
  3 ogre zombies (Ossuary)
  A hound skeleton (D:9)
  8 mummies
  10 adders
  19 gnolls
  6 shadow imps
  2 oozes
  6 adder zombies (Ossuary)
  An adder skeleton (D:7)
  3 worms
  2 dart slugs (D:1)
  8 leopard geckos
  124 orcs
  2 giant cockroaches (D:1)
  6 gnoll zombies
  7 goblins
  9 hobgoblins
  17 jackals
  3 quokkas
  2 ball pythons
  10 bats
  7 frilled lizards
  A giant cockroach zombie (D:3)
  2 goblin zombies (Ossuary)
  2 hobgoblin zombies (Ossuary)
  22 kobolds
  5 kobold zombies (Ossuary)
  2 leopard gecko skeletons
  A quokka skeleton (D:7)
  2 quokka zombies (Ossuary)
  6 rats
  A rat zombie (Ossuary)
890 creatures vanquished.

Vanquished Creatures (others)
  Fannar (Orc:1)
  Sonja (D:10)
  A manticore (Lair:6)
  A phantom (D:9)
  3 centaurs
  A killer bee (D:12)
  A wight (D:6)
  A leopard gecko (D:10)
  An orc (D:10)
  5 fungi
  18 plants
34 creatures vanquished.

Grand Total: 924 creatures vanquished

Notes
Turn   | Place    | Note
-------+----------+-------------------------------------------
     0 | D:1      | Mgcat the Ghoul Fighter began the quest for the Orb.
     0 | D:1      | Reached XP level 1. HP: 19/19 MP: 0/0
   121 | D:1      | Reached XP level 2. HP: 26/26 MP: 1/1
   329 | D:1      | Reached skill level 3 in Unarmed Combat
   367 | D:1      | Reached skill level 4 in Fighting
   367 | D:1      | Reached XP level 3. HP: 33/33 MP: 2/2
  1080 | D:2      | Noticed Jessica
  1087 | D:2      | Killed Jessica
  1087 | D:2      | Reached XP level 4. HP: 41/41 MP: 3/3
  1261 | D:2      | Reached skill level 4 in Unarmed Combat
  1441 | D:2      | Reached XP level 5. HP: 30/47 MP: 4/4
  1727 | D:2      | Found a glowing silver altar of Zin.
  1808 | D:2      | Reached skill level 5 in Fighting
  1960 | D:3      | Found a shadowy altar of Dithmenos.
  2556 | D:4      | Noticed an ogre
  2566 | D:4      | Killed an ogre
  2566 | D:4      | Reached skill level 5 in Unarmed Combat
  2566 | D:4      | Reached XP level 6. HP: 37/57 MP: 5/5
  2612 | D:4      | Reached skill level 6 in Fighting
  2751 | D:4      | Noticed Kairos's ghost (amateur DsGl)
  2762 | D:4      | Killed Kairos's ghost
  2762 | D:4      | Reached skill level 6 in Unarmed Combat
  2762 | D:4      | Reached XP level 7. HP: 61/64 MP: 6/6
  2780 | D:4      | Found a basalt altar of Yredelemnul.
  2850 | D:4      | Found a sacrificial altar of Ru.
  2858 | D:4      | Became a worshipper of Ru the Awakened
  2974 | D:4      | Found an opulent altar of Gozag.
  3078 | D:4      | Reached skill level 7 in Fighting
  3098 | D:4      | Found an iron altar of Okawaru.
  3192 | D:5      | Entered Level 5 of the Dungeon
  3192 | D:5      | Noticed tstbtto's ghost (novice GrFi)
  3202 | D:5      | Killed tstbtto's ghost
  3202 | D:5      | Reached skill level 7 in Unarmed Combat
  3202 | D:5      | Reached XP level 8. HP: 46/74 MP: 7/7
  3239 | D:5      | Reached skill level 8 in Fighting
  3281 | D:4      | HP: 18/74 [acid (7)]
  3302 | D:4      | HP: 17/74 [hound (3)]
  3936 | D:5      | Upgraded the game from 0.22-a0-417-g1387785 to 0.22-a0-419-g492bfec
  3978 | D:5      | Got a translucent fustibalus
  3983 | D:5      | Identified the +3 fustibalus of the Immovable Lives {freeze, rPois Dex+3} (You found it on level 5 of the Dungeon)
  4147 | D:5      | Found a hazy altar of Hepliaklqana.
  4192 | D:5      | Reached skill level 8 in Unarmed Combat
  5005 | D:6      | Found a sand-covered staircase.
  5011 | Ossuary  | Entered an ossuary
  5167 | Ossuary  | Gained mutation: You cannot study or use magical devices. [Ru sacrifice]
  5167 | Ossuary  | Reached * piety under Ru
  5167 | Ossuary  | Reached ** piety under Ru
  5203 | Ossuary  | Reached skill level 9 in Fighting
  5363 | Ossuary  | Reached XP level 9. HP: 57/83 MP: 8/8
  5522 | D:6      | Reached skill level 9 in Unarmed Combat
  5540 | D:6      | Noticed Sigmund
  5545 | D:6      | Killed Sigmund
  5637 | D:6      | Reached skill level 10 in Fighting
  5785 | D:6      | Found a staircase to the Ecumenical Temple.
  5876 | D:6      | Reached skill level 10 in Unarmed Combat
  6269 | D:6      | Found a hazy altar of Hepliaklqana.
  6568 | D:7      | Reached skill level 11 in Fighting
  6601 | D:7      | Reached XP level 10. HP: 80/95 MP: 9/9
  6638 | D:7      | Found a bloodstained altar of Trog.
  6691 | D:7      | Found a snail-covered altar of Cheibriados.
  6849 | D:7      | Gained mutation: You are hated by all. [Ru sacrifice]
  6849 | D:7      | Reached *** piety under Ru
  6988 | D:7      | Found a stormy altar of Qazlal.
  6998 | D:7      | Reached skill level 11 in Unarmed Combat
  7181 | D:7      | Found a burning altar of Makhleb.
  7237 | D:8      | Reached skill level 3 in Shields
  7239 | D:8      | Reached skill level 3 in Armour
  7534 | D:8      | Noticed an unseen horror
  7541 | D:8      | Killed an unseen horror
  7557 | D:8      | Noticed Psyche
  7562 | D:8      | Killed Psyche
  7669 | D:8      | Found a blossoming altar of Fedhas.
  7851 | D:8      | Reached skill level 4 in Shields
  7859 | D:8      | Reached skill level 4 in Armour
  7931 | D:8      | HP: 22/96 [yak (11)]
  7945 | D:8      | HP: 14/96 [yak (8)]
  8194 | D:8      | Found a staircase to the Lair.
  8261 | D:8      | Reached skill level 12 in Fighting
  8261 | D:8      | Reached XP level 11. HP: 94/102 MP: 10/10
  8268 | D:8      | Noticed a two-headed ogre
  8275 | D:8      | Killed a two-headed ogre
  8275 | D:8      | Reached skill level 5 in Armour
  8275 | D:8      | Reached skill level 5 in Shields
  8592 | D:8      | Reached skill level 12 in Unarmed Combat
  9332 | D:9      | Found an ornate altar of the Wu Jian Council.
  9464 | D:10     | Entered Level 10 of the Dungeon
  9464 | D:10     | Noticed Erica
  9472 | D:10     | Reached skill level 6 in Shields
  9485 | D:10     | Killed Erica
  9485 | D:10     | Reached skill level 6 in Armour
  9563 | D:10     | Noticed Nergalle
  9585 | D:10     | Killed Nergalle
  9615 | D:10     | Noticed Harold
  9625 | D:10     | Killed Harold
  9627 | D:10     | Noticed Sonja
  9639 | D:10     | Killed Sonja
  9709 | D:10     | Noticed a two-headed ogre
  9717 | D:10     | Killed a two-headed ogre
  9717 | D:10     | Reached skill level 13 in Fighting
  9717 | D:10     | Reached XP level 12. HP: 101/115 MP: 11/11
  9870 | D:10     | Found a roughly hewn altar of Beogh.
 10395 | D:11     | Reached skill level 7 in Shields
 10423 | D:11     | Noticed a two-headed ogre
 10435 | D:11     | Killed a two-headed ogre
 10435 | D:11     | Reached skill level 7 in Armour
 10435 | D:11     | Reached skill level 13 in Unarmed Combat
 10456 | D:11     | Found a staircase to the Orcish Mines.
 10907 | Lair:1   | Entered Level 1 of the Lair of Beasts
 11216 | Lair:1   | Got a steaming steel ring
 11218 | Lair:1   | Identified the ring of Pifaf {rF+ rN+ Slay+2} (You found it on level 1 of the Lair of Beasts)
 12190 | Lair:2   | Found a staircase to the Snake Pit.
 12498 | Lair:2   | Reached skill level 8 in Shields
 12514 | Lair:2   | Reached skill level 8 in Armour
 12731 | Lair:2   | Reached XP level 13. HP: 112/123 MP: 12/12
 12886 | Lair:3   | Reached skill level 14 in Fighting
 13709 | Lair:4   | Found a staircase to the Swamp.
 13769 | Lair:4   | Reached skill level 14 in Unarmed Combat
 14472 | Lair:4   | Reached skill level 9 in Shields
 14485 | Lair:4   | Noticed an entropy weaver
 14506 | Lair:4   | Reached skill level 9 in Armour
 14526 | Lair:4   | Killed an entropy weaver
 14576 | Lair:4   | Noticed an entropy weaver
 14594 | Lair:4   | Killed an entropy weaver
 15190 | Lair:5   | Noticed Urug
 15205 | Lair:5   | Killed Urug
 15636 | Lair:5   | Found a viscous altar of Jiyva.
 15636 | Lair:5   | Found a staircase to the Slime Pits.
 16089 | Lair:6   | Entered Level 6 of the Lair of Beasts
 16173 | Lair:6   | Reached XP level 14. HP: 129/133 MP: 13/13
 16389 | Lair:6   | Reached skill level 15 in Fighting
 16711 | Lair:6   | Reached skill level 10 in Shields
 16780 | Lair:6   | Reached skill level 10 in Armour
 16785 | Lair:6   | Reached skill level 15 in Unarmed Combat
 16920 | Lair:6   | Gained mutation: You occasionally shout uncontrollably at your foes. [Ru sacrifice]
 18138 | Orc:1    | Entered Level 1 of the Orcish Mines
 18444 | Orc:2    | Entered Level 2 of the Orcish Mines
 19236 | Orc:2    | Reached XP level 15. HP: 79/143 MP: 14/14
 19682 | Orc:2    | Found Kimapalo's Weapon Shop.
 19685 | Orc:2    | Found Igibuwudd's Food Shop.
 19686 | Orc:2    | Found Xohiybrim's Book Shop.
 19687 | Orc:2    | Found Curoxzus's Food Boutique.
 19799 | Orc:2    | Found a staircase to the Elven Halls.
 20340 | Orc:1    | Noticed Fannar
 20365 | Orc:1    | Killed Fannar
 20519 | Orc:1    | Noticed an orc warlord
 20562 | Orc:1    | Killed an orc warlord
 20562 | Orc:1    | Reached skill level 11 in Shields
 20703 | D:12     | Reached skill level 11 in Armour
 20813 | D:12     | Found a portal to a secret trove of treasure.
 21010 | D:12     | Reached skill level 16 in Fighting
 21842 | D:13     | Found a gate to the Vaults.
 22233 | D:13     | Found Wazeng's Food Boutique.
 22415 | D:14     | Reached skill level 16 in Unarmed Combat
 22442 | D:14     | Found an iron altar of Okawaru.
 22896 | D:15     | Entered Level 15 of the Dungeon
 23506 | D:15     | Noticed an emperor scorpion
 23524 | D:15     | Killed an emperor scorpion
 23843 | D:15     | Found a staircase to the Depths.
 24296 | Swamp:1  | Entered Level 1 of the Swamp
 24413 | Swamp:1  | Reached XP level 16. HP: 147/151 MP: 15/15
 24622 | Swamp:1  | HP: 37/151 [spriggan rider/spear (4)]
 25081 | Swamp:1  | Reached skill level 12 in Shields
 25347 | Swamp:1  | Reached skill level 12 in Armour
 25390 | Swamp:2  | Noticed Aizul
 25462 | Swamp:2  | HP: 32/154 [shambling mangrove (19)]
 25463 | Swamp:2  | HP: 10/154 [eight-headed hydra (11)]
 25466 | Swamp:2  | Found a frozen archway.
 25466 | Swamp:2  | Killed from afar by an ice dragon

Vault maps used:
D:1:      erik_arrival_triangle_medium
D:2:      zin_treasury, uniq_jessica
D:3:      nicolae_dithmenos_through_a_glass_darkly
D:4:      lemuel_zombie_altar_yredelemnul, marbit_many_paths,
          nicolae_gozag_cash_rules_everything_around_me, lemuel_crystal_altar,
          first_ration
D:5:      lemuel_tele_altar
D:6:      lemuel_coloured_pillars_altar, minmay_temple_entry_statues_fountains,
          nicolae_ossuary_entry_plus, uniq_sigmund
D:7:      nicolae_overflow_crystal_walls, slow_altar_1, kennysheep_little_box,
          lightli_temple_of_fire
D:8:      fedhas_bush_and_centaur_altar, minmay_lair_entry_grove, uniq_psyche
D:9:      lemuel_doored_altar
D:10:     st_stairs_10, hangedman_pestilent_swarm, kennysheep_nondescript,
          fountainhead, minmay_fountain_box, uniq_harold, uniq_erica,
          uniq_nergalle, uniq_sonja
D:11:     orc_0_dummy
D:12:     enter_trove_6, hangedman_decor_points
D:13:     david_vaults_2, serial_shops, nicolae_shop_stone
D:14:     basic_altar
D:15:     hangedman_depths_entry_try_elsewhere_first, minivault_14
Lair:2:   guppyfry_snake_entry_island, bh_autumn_forest_stairs
Lair:3:   lemuel_fruit_tree
Lair:4:   minmay_swamp_entry_swarm, zaba_antful_of_joy
Lair:5:   dpeg_slime_entry_enclosed_altar, uniq_urug
Lair:6:   hangedman_lair_in_review, guppyfry_lair_end_dragon, serial_bayou,
          serial_bayou_shore_a, serial_bayou_pond_b, serial_bayou_lake_a,
          serial_bayou_crossing
Swamp:1:  serial_swamp_ruin, evilmike_swamp_ruin_house_1,
          evilmike_swamp_ruin_rubble_1, evilmike_swamp_ruin_house_2
Swamp:2:  portal_ice_cave_entry_dragon, nicolae_swamp_orc_logging_accident,
          swamp_pool1, uniq_aizul
Orc:1:    uniq_fannar
Orc:2:    st_orc_pillars
Ossuary:  ossuary_boxes_badplayer

Skill      XL: |  1  2  3  4  5  6  7  8  9 10 11 12 13 14 15 16 |
---------------+-------------------------------------------------+-----
Unarmed Combat | 3 4 5 6 7 8 10 11 12 13 14 15 16 | 16.6
Fighting       | 4 5 6 7 9 11 12 13 14 15 16 | 16.8
Shields        | 4 6 8 9 10 11 12 | 12.0
Armour         | 4 6 8 9 10 11 12 | 12.0

Action                   |  1- 3 |  4- 6 |  7- 9 | 10-12 | 13-15 | 16-18 || total
-------------------------+-------+-------+-------+-------+-------+-------++-------
Melee: Unarmed           |   146 |   184 |   409 |   915 |  1738 |   233 ||  3625
 Fire: Fustibalus        |       |       |     1 |     7 |     5 |       ||    13
Invok: Sacrifice Artific |       |       |     1 |       |       |       ||     1
       Draw Out Power    |       |       |       |     1 |     7 |     3 ||    11
       Sacrifice Love    |       |       |       |     1 |       |       ||     1
       Reject Sacrifices |       |       |       |     2 |     2 |       ||     4
       Sacrifice Purity  |       |       |       |       |     1 |       ||     1
  Use: Potion            |       |     1 |     7 |       |     2 |     1 ||    11
       Scroll            |       |       |    15 |     5 |     5 |     3 ||    28
 Stab: Distracted        |       |       |     1 |     1 |     9 |     1 ||    12
       Invisible         |       |       |     1 |     3 |     6 |       ||    10
       Held in net/web   |       |       |       |     3 |       |       ||     3
       Confused          |       |       |       |       |     1 |       ||     1
  Eat: Chunk             |     2 |     6 |    12 |    25 |    38 |     5 ||    88
       Ration            |       |       |       |       |     1 |       ||     1
Armor: Scale mail        |    49 |    47 |    71 |    40 |       |       ||   207
       Plate armour      |       |       |       |   193 |   533 |   141 ||   867
Dodge: Dodged            |    40 |    42 |    55 |    85 |   156 |    43 ||   421
Block: Shield            |    66 |   113 |   222 |   627 |  1216 |   259 ||  2503
       Reflection        |       |     4 |     1 |    16 |    37 |     6 ||    64

Table legend:
 A = Spawn XP
 B = Non-spawn XP
 C = Spawn XP percentage of total XP
 D = Spawn monster count
 E = Non-spawn monster count
 F = Spawn count percentage of total count
 G = Total turns spent on level
                    A         B        C        D         E        F      G
               +---------+---------+-------+---------+---------+-------+---------
         Total |       0 |  144184 |   0.0 |       0 |     899 |   0.0 | 25466
               +---------+---------+-------+---------+---------+-------+---------
           D:1 |       0 |      71 |   0.0 |       0 |      36 |   0.0 |  1046
           D:2 |       0 |     113 |   0.0 |       0 |      21 |   0.0 |  1130
           D:3 |       0 |     127 |   0.0 |       0 |      17 |   0.0 |  1151
           D:4 |       0 |     694 |   0.0 |       0 |      18 |   0.0 |  1115
           D:5 |       0 |     866 |   0.0 |       0 |      15 |   0.0 |   491
           D:6 |       0 |    1607 |   0.0 |       0 |      32 |   0.0 |  1087
           D:7 |       0 |    1197 |   0.0 |       0 |      50 |   0.0 |   988
           D:8 |       0 |    5866 |   0.0 |       0 |      55 |   0.0 |  1357
           D:9 |       0 |    3661 |   0.0 |       0 |      35 |   0.0 |   714
          D:10 |       0 |    6218 |   0.0 |       0 |      55 |   0.0 |   870
          D:11 |       0 |    2523 |   0.0 |       0 |      32 |   0.0 |   658
          D:12 |       0 |    3953 |   0.0 |       0 |      23 |   0.0 |  1013
          D:13 |       0 |    6455 |   0.0 |       0 |      24 |   0.0 |   742
          D:14 |       0 |    3958 |   0.0 |       0 |      20 |   0.0 |   491
          D:15 |       0 |   17311 |   0.0 |       0 |      37 |   0.0 |  1205
        Lair:1 |       0 |    4842 |   0.0 |       0 |      24 |   0.0 |  1105
        Lair:2 |       0 |    3725 |   0.0 |       0 |      19 |   0.0 |   939
        Lair:3 |       0 |    5718 |   0.0 |       0 |      14 |   0.0 |   866
        Lair:4 |       0 |   11714 |   0.0 |       0 |      57 |   0.0 |  1376
        Lair:5 |       0 |    4365 |   0.0 |       0 |      16 |   0.0 |  1043
        Lair:6 |       0 |   26044 |   0.0 |       0 |      74 |   0.0 |  1904
       Swamp:1 |       0 |   15283 |   0.0 |       0 |      49 |   0.0 |  1136
       Swamp:2 |       0 |    1063 |   0.0 |       0 |       3 |   0.0 |    34
         Orc:1 |       0 |    4101 |   0.0 |       0 |      26 |   0.0 |   691
         Orc:2 |       0 |   12178 |   0.0 |       0 |     110 |   0.0 |  1834
       Ossuary |       0 |     531 |   0.0 |       0 |      37 |   0.0 |   480
               +---------+---------+-------+---------+---------+-------+---------

Vault maps used:
D:1:      erik_arrival_triangle_medium
D:2:      zin_treasury, uniq_jessica
D:3:      nicolae_dithmenos_through_a_glass_darkly
D:4:      lemuel_zombie_altar_yredelemnul, marbit_many_paths,
          nicolae_gozag_cash_rules_everything_around_me, lemuel_crystal_altar,
          first_ration
D:5:      lemuel_tele_altar
D:6:      lemuel_coloured_pillars_altar, minmay_temple_entry_statues_fountains,
          nicolae_ossuary_entry_plus, uniq_sigmund
D:7:      nicolae_overflow_crystal_walls, slow_altar_1, kennysheep_little_box,
          lightli_temple_of_fire
D:8:      fedhas_bush_and_centaur_altar, minmay_lair_entry_grove, uniq_psyche
D:9:      lemuel_doored_altar
D:10:     st_stairs_10, hangedman_pestilent_swarm, kennysheep_nondescript,
          fountainhead, minmay_fountain_box, uniq_harold, uniq_erica,
          uniq_nergalle, uniq_sonja
D:11:     orc_0_dummy
D:12:     enter_trove_6, hangedman_decor_points
D:13:     david_vaults_2, serial_shops, nicolae_shop_stone
D:14:     basic_altar
D:15:     hangedman_depths_entry_try_elsewhere_first, minivault_14
Lair:2:   guppyfry_snake_entry_island, bh_autumn_forest_stairs
Lair:3:   lemuel_fruit_tree
Lair:4:   minmay_swamp_entry_swarm, zaba_antful_of_joy
Lair:5:   dpeg_slime_entry_enclosed_altar, uniq_urug
Lair:6:   hangedman_lair_in_review, guppyfry_lair_end_dragon, serial_bayou,
          serial_bayou_shore_a, serial_bayou_pond_b, serial_bayou_lake_a,
          serial_bayou_crossing
Swamp:1:  serial_swamp_ruin, evilmike_swamp_ruin_house_1,
          evilmike_swamp_ruin_rubble_1, evilmike_swamp_ruin_house_2
Swamp:2:  portal_ice_cave_entry_dragon, nicolae_swamp_orc_logging_accident,
          swamp_pool1, uniq_aizul
Orc:1:    uniq_fannar
Orc:2:    st_orc_pillars
Ossuary:  ossuary_boxes_badplayer

Table legend:
 A = Turns spent in this place as a percentage of turns spent in the entire game.
 B = Non-inter-level travel turns spent in this place as a percentage of non-inter-level travel turns spent in the entire game.
 C = Inter-level travel turns spent in this place as a percentage of turns spent in this place.
 D = Turns resting spent in this place as a percentage of non-inter-level travel turns spent in this place.
 E = Turns spent auto-exploring this place as a percentage of non-inter-level travel turns spent in this place.
 F = Non-inter-level travel turns spent in this place divided by the number of levels of this place that you've seen.
                   A       B       C       D       E      F
               +-------+-------+-------+-------+-------+----------------------
         Total | 100.0 | 100.0 |   6.6 |   1.1 |  72.2 | 915.0
       Dungeon |  55.2 |  54.4 |   7.9 |   1.8 |  72.8 | 862.9
          Lair |  28.4 |  29.0 |   4.5 |   0.1 |  76.7 | 1150.8
         Swamp |   4.6 |   4.7 |   5.0 |   0.0 |  65.4 | 555.5
  Orcish Mines |   9.9 |   9.9 |   6.9 |   0.4 |  61.8 | 1175.5
       Ossuary |   1.9 |   2.0 |   0.0 |   0.0 |  55.2 | 480.0
               +-------+-------+-------+-------+-------+----------------------

Table legend:
 A = Kills in this place as a percentage of kills in entire the game.
 B = Kills by you in this place as a percentage of kills by you in the entire game.
 C = Kills by friends in this place as a percentage of kills by friends in the entire game.
 D = Other kills in this place as a percentage of other kills in the entire game.
 E = Experience gained in this place as a percentage of experience gained in the entire game.
 F = Experience gained in this place divided by the number of levels of this place that you have seen.
                   A       B       C       D       E      F
               +-------+-------+-------+-------+-------+----------------------
         Total | 100.0 | 100.0 |   N/A | 100.0 | 100.0 | 5545.5
       Dungeon |  52.3 |  52.0 |   N/A |  77.8 |  37.9 | 3641.3
          Lair |  22.7 |  22.8 |   N/A |  11.1 |  39.1 | 9401.3
         Swamp |   5.8 |   5.8 |   N/A |   0.0 |  11.3 | 8173.0
  Orcish Mines |  15.1 |  15.2 |   N/A |  11.1 |  11.3 | 8139.5
       Ossuary |   4.1 |   4.2 |   N/A |   0.0 |   0.4 | 531.0
               +-------+-------+-------+-------+-------+----------------------
